 Dungeon Crawl Stone Soup version 0.29.1-1-gd02db6906a (webtiles) character file.

Game seed: 16730373291009809469

71 raistware the Conjurer (level 4, -4/40 HPs)
             Began as an Octopode Conjurer on Sept 20, 2022.
             Slain by Ijyb
             ... wielding a +3 dagger of speed
              (8 damage)
             ... on level 3 of the Dungeon.
             The game lasted 00:04:31 (2284 turns).

raistware the Conjurer (Octopode Conjurer)          Turns: 2284, Time: 00:04:32

Health: -4/40      AC: 26    Str:  6    XL:     4   Next: 24%
Magic:  0/10       EV:  2    Int: 22    God:
Gold:   80         SH:  0    Dex: 10    Spells: 6/11 levels left

rFire   . . .      SeeInvis .   g - +0 quarterstaff
rCold   . . .      Faith    .   (shield currently unavailable)
rNeg    . . .      Spirit   .   (helmet currently unavailable)
rPois   +          Reflect  .   (no amulet)
rElec   .          Harm     .   n - +4 ring of protection
rCorr   .          Rampage  .   m - ring of poison resistance
Will    .....      NoTele   +   (no ring)
Stlth   ++........              (no ring)
HPRegen 0.13/turn               (no ring)
MPRegen 0.12/turn               (no ring)
                                (no ring)
                                (no ring)

@: tree-form
A: stationary, stasis, torment immunity, boosted hp, almost no armour,
(amphibious), 8 rings, (camouflage 1), (gelatinous body 1), (nimble swimmer 1),
(tentacles)
a: no special abilities


You were on level 3 of the Dungeon.
You were a tree.
You visited 1 branch of the dungeon, and saw 3 of its levels.

You collected 80 gold pieces.

Inventory:

Hand Weapons
 g - a +0 quarterstaff (weapon)
Jewellery
 m - a ring of poison resistance (right branch)
 n - a +4 ring of protection (left branch)
Scrolls
 b - a scroll of teleportation {unknown}
 c - a scroll of butterflies {unknown}
 d - 2 scrolls of vulnerability {unknown}
 f - a scroll of identify {unknown}
 h - a scroll of magic mapping {unknown}
 p - a scroll of noise {unknown}
Potions
 a - a potion of magic
 e - a potion of mutation {unknown}
 i - a potion of haste {unknown}
 j - a potion of might {unknown}
 l - a potion of curing {unknown}
 o - a potion of cancellation {unknown}


   Skills:
 - Level 2.0 Dodging
 - Level 2.6 Stealth
 - Level 4.0 Spellcasting
 - Level 4.0 Conjurations
 + Level 0.7 Translocations


You had 6 spell levels left.
You knew the following spells:

 Your Spells              Type           Power      Damage    Failure   Level
a - Magic Dart            Conj           88%        1d7       2%          1
b - Iskenderun's Mystic   Conj/Tloc      14%        2d5       38%         4

Your spell library contained the following spells:

 Spells                   Type           Power      Damage    Failure   Level
 Searing Ray              Conj           44%        2d6       3%          2
 Dazzling Flash           Conj/Hex       26%        N/A       14%         3
 Fulminant Prism          Conj/Hex       6%         3d7       43%         4


Dungeon Overview and Level Annotations

Branches:
Dungeon (3/15)

Altars:
Ashenzari

Annotations:
D:3 Ijyb


Innate Abilities, Weirdness & Mutations

You are a tree.
Your roots penetrate the ground, keeping you stationary.
You cannot be teleported.
You are immune to unholy pain and torment.
Your maximum health is greatly increased.
You cannot wear most types of armour.
((You are amphibious.))
You can wear up to eight rings at the same time.
((Your skin changes colour to match your surroundings (Stealth+).))
((Your rubbery body absorbs attacks. (AC +1, EV +1)))
((You are camouflaged when in or above water. (Stealth+)))
((You have tentacles for arms and can constrict up to eight enemies at once.))


Message History

Ijyb is almost dead.
Ijyb hits you but does no damage.
Ijyb hits you with a +3 dagger of speed.
* * * LOW HITPOINT WARNING * * *
Casting: Iskenderun's Mystic Blast (extremely dangerous; 38% risk of failure)
Confirm with . or Enter, or press ? or * to list all spells.
Aiming: Magic Dart (safe; 2% risk of failure)
Press: ? - help, Shift-Dir - straight line, f/p - Ijyb
Aim: Ijyb, wielding a +3 dagger of speed, wearing a +0 ring mail and carrying a wand of polymorph (5) (almost dead, 100% to hit)
The magic dart hits Ijyb but does no damage.
Ijyb is almost dead.
Ijyb hits you but does no damage. x2
Casting: Magic Dart (safe; 2% risk of failure)
Confirm with . or Enter, or press ? or * to list all spells.
You don't have enough magic to cast this spell.
Unknown command.
You barely miss Ijyb.
Ijyb is almost dead.
You hear the slow rusting of a drain nearby.
Ijyb hits you but does no damage. x2
That's the wrong kind of item! (Use * to select it.) Fire/throw/use which item? ([*] to toss any item) (? for menu, Esc to quit)
Throw: 2 darts (poison)
Press: ? - help, Shift-Dir - straight line, f/p - Ijyb
Aim: Ijyb, wielding a +3 dagger of speed, wearing a +0 ring mail and carrying a wand of polymorph (5) (almost dead, 50% to hit)
You throw a poisoned dart. The poisoned dart barely misses Ijyb.
Ijyb barely misses you.
Throw: dart (poison)
Press: ? - help, Shift-Dir - straight line, f/p - Ijyb
Aim: Ijyb, wielding a +3 dagger of speed, wearing a +0 ring mail and carrying a wand of polymorph (5) (almost dead, 50% to hit)
You throw a poisoned dart. The poisoned dart hits Ijyb.
Ijyb is almost dead.
Ijyb hits you but does no damage.
Ijyb hits you with a +3 dagger of speed.
* * * LOW HITPOINT WARNING * * *
Your magical contamination has completely faded away.
You hit Ijyb.
Ijyb is almost dead.
Ijyb hits you with a +3 dagger of speed!
You die...

#.......# .#
#.......#####_#
#..........<#.#
#..........#.#
#......##..#.####..
#...............
#####..####.#.######
#......####.#.#
#.($....g♣....#
#.....#########
#..... #?.... #.....
#..... #.....


You could see Ijyb.

Vanquished Creatures
  Robin (D:2)
  A worm (D:2)
  2 dart slugs
  5 ball pythons
  4 bats
  5 endoplasms
  A giant cockroach (D:2)
  13 goblins
  5 hobgoblins
  3 kobolds
  2 quokkas
  A frilled lizard (D:1)
  5 rats
48 creatures vanquished.

Vanquished Creatures (others)
  5 plants (D:2)
5 creatures vanquished.

Grand Total: 53 creatures vanquished

Notes
Turn   | Place    | Note
-------+----------+-------------------------------------------
     0 | D:1      | raistware the Octopode Conjurer began the quest for the
                  | Orb.
     0 | D:1      | Reached XP level 1. HP: 11/11 MP: 3/3
   195 | D:1      | Reached XP level 2. HP: 17/17 MP: 1/5
   700 | D:1      | Reached XP level 3. HP: 15/21 MP: 0/7
  1337 | D:2      | Noticed Robin
  1372 | D:2      | Killed Robin
  1398 | D:2      | Reached XP level 4. HP: 13/27 MP: 2/9
  1703 | D:2      | Learned a level 4 spell: Iskenderun's Mystic Blast
  1803 | D:2      | Found a faded altar of an unknown god.
  2236 | D:3      | Found a broken altar of Ashenzari.
  2246 | D:3      | Noticed Ijyb
  2284 | D:3      | Slain by Ijyb

Illustrated notes

Levels and vault maps discovered:
D:1:      psy_arrival_whirlpool, layout_rooms, chequers_serial_rivers_micro_b,
          due_unseen_surprise
D:2:      layout_basic, shapermc_ecumenical_altar_mp_urbaneastern,
          chequers_mini_garden, uniq_robin
D:3:      layout_basic, overflow_temple_1_default, portal_sewer_entry_d,
          gammafunk_ghost_smash, uniq_ijyb

Skill      XL: |  1  2  3  4 |
---------------+-------------+-----
Spellcasting   | 3 4 |  4.0
Dodging        | |  2.0
Stealth        | |  2.6
Conjurations   | |  4.0
Translocations | |  0.7

Action                   |  1- 3 |  4- 6 || total
-------------------------+-------+-------++-------
Melee: Unarmed           |    15 |     5 ||    20
       Constrict         |     9 |       ||     9
       Tentacles         |     9 |       ||     9
       Punch             |     1 |       ||     1
       Quarterstaff      |    12 |     5 ||    17
Throw: Dart              |       |     3 ||     3
 Cast: Magic Dart        |    61 |    20 ||    81
       Iskenderun's Myst |       |     1 ||     1
Evoke: Wand              |       |     4 ||     4
 Stab: Sleeping          |     2 |       ||     2
Armor: Skin              |       |     8 ||     8
Dodge: Dodged            |    20 |     6 ||    26
